 Dungeon Crawl Stone Soup version 0.29-a0-542-g075992c915 (webtiles) character file.

Game seed: 14573135079748703380

51 vineage the Skirmisher (level 3, -1/26 HPs)
             Began as a Gargoyle Fighter on June 3, 2022.
             Slain by a gnoll
             ... wielding a +1 vampiric whip
              (2 damage)
             ... on level 2 of the Dungeon.
             The game lasted 00:01:23 (1861 turns).

vineage the Skirmisher (Gargoyle Fighter)           Turns: 1861, Time: 00:01:23

Health: -1/26      AC: 10    Str: 19    XL:     3   Next: 81%
Magic:  3/3        EV:  9    Int:  8    God:
Gold:   79         SH:  4    Dex: 11    Spells: 2/2 levels left

rFire   + . .      SeeInvis .   a - +0 flail
rCold   + . .      Faith    .   c - +0 buckler
rNeg    + . .      Spirit   .   b - +0 scale mail
rPois   ∞          Reflect  .   (no helmet)
rElec   +          Harm     .   (no cloak)
rCorr   +          Rampage  .   (no gloves)
Will    .....                   (no boots)
Stlth   ..........              h - amulet of the acrobat
HPRegen 0.08/turn               (no ring)
MPRegen 0.08/turn               (no ring)

@: mighty, resistant
A: sickness immunity, AC +3, negative energy resistance 1, electricity
resistance, torment resistance 1, petrification resistance
a: no special abilities


You were on level 2 of the Dungeon.
You visited 1 branch of the dungeon, and saw 2 of its levels.

You collected 79 gold pieces.

Inventory:

Hand Weapons
 a - a +0 flail (weapon)
Armour
 b - a +0 scale mail (worn)
 c - a +0 buckler (worn)
Jewellery
 f - a ring of fire
 h - an amulet of the acrobat (around neck)
Scrolls
 e - a scroll of poison
 i - a scroll of fog
 k - a scroll of fear {unknown}
 l - a scroll of vulnerability {unknown}
 m - a scroll of immolation {unknown}
Potions
 d - a potion of might


   Skills:
 * Level 5.1 Fighting
 - Level 2.0 Maces & Flails
 - Level 3.2 Armour
 - Level 3.2 Shields


You had 2 spell levels left.
You didn't know any spells.
Your spell library contained the following spells:

 Spells                   Type           Power      Damage    Failure   Level
 Sting                    Tmut/Pois      0%         1d3       86%         1
 Poisonous Vapours        Pois/Air       0%         N/A       95%         2
 Olgreb's Toxic Radiance  Pois           0%         N/A       100%        4


Dungeon Overview and Level Annotations

Branches:
Dungeon (2/15)

Altars:

Shops:
D:2 [


Innate Abilities, Weirdness & Mutations

You are immune to sickness and miasma.
Your stone body is resilient. (AC +3)
You are immune to poison.
You resist negative energy. (rN+)
You are resistant to electric shocks. (rElec)
You are resistant to unholy torment.
You are immune to petrification.


Message History

The adder bites you but does no damage. You block the adder's attack.
It was a potion of magic.
Magic courses through your body. The adder bites you but does no damage.
It was a potion of resistance.
You feel protected. The adder closely misses you.
You miss the adder. The adder bites you but does no damage.
You block the adder's attack.
You closely miss the adder. The adder barely misses you.
The adder bites you but does no damage.
You hit the adder.
The adder is heavily wounded.
The adder bites you but does no damage.
You sock the adder!
You kill the adder!
You see here an adder corpse.
You hit the gnoll.
The gnoll is moderately wounded.
The gnoll closely misses you.
You barely miss the gnoll.
The gnoll is moderately wounded.
You block the gnoll's attack. The gnoll barely misses you.
You hit the gnoll.
The gnoll is heavily wounded.
You block the gnoll's attack.
You sock the gnoll!
You kill the gnoll!
Your Fighting skill increases to level 5!
You hit the gnoll.
The gnoll is moderately wounded.
The gnoll hits you but does no damage.
The gnoll hits you from afar with a +0 halberd!
* * * LOW HITPOINT WARNING * * *
The gnoll barely misses you.
The gnoll hits you from afar with a +0 halberd.
* * * LOW HITPOINT WARNING * * *
You closely miss the gnoll.
The gnoll is moderately wounded.
The gnoll hits you with a +1 vampiric whip.
You die...

#.## ##.# ##.# #.# #..#
#..# # ####.# #.## #.## #
#....# ##.# #.# #####.####
#..####.# ...##.###
##.###...#
##...<..####).....###
#..............###########
..........##....@ggr.>...#
.########.##..#####g.....#
.#♣.....#.#...# #.?....#
.#..≈≈≈...#.### #......#
.#.≈≈≈≈≈.....# #......#
.#∩≈≈≈≈≈.....# #.r.....#
.#.≈≈≈≈≈.....# ....PP.).#
.#..≈≈≈......# #.PP.g.PP.#
.#♣.....#....# #.P.P.P.P.#


You could see 3 gnolls and a rat.

Vanquished Creatures
  An adder (D:2)
  A gnoll (D:2)
  A dart slug (D:2)
  5 endoplasms
  3 giant cockroaches
  A goblin (D:1)
  2 hobgoblins
  7 ball pythons
  2 bats
  4 kobolds
  2 rats
29 creatures vanquished.

Vanquished Creatures (others)
  4 plants (D:2)
4 creatures vanquished.

Grand Total: 33 creatures vanquished

Notes
Turn   | Place    | Note
-------+----------+-------------------------------------------
     0 | D:1      | vineage the Gargoyle Fighter began the quest for the Orb.
     0 | D:1      | Reached XP level 1. HP: 14/14 MP: 1/1
   366 | D:1      | Reached XP level 2. HP: 8/20 MP: 2/2
   563 | D:1      | Reached skill level 4 in Fighting
  1290 | D:2      | Reached XP level 3. HP: 24/24 MP: 3/3
  1776 | D:2      | Found Nuurirr's Antique Armour Emporium.
  1859 | D:2      | Reached skill level 5 in Fighting
  1860 | D:2      | HP: 1/26 [gnoll/+0 halberd (2)]
  1861 | D:2      | Slain by a gnoll

Illustrated notes

Levels and vault maps discovered:
D:1:      dpeg_arrival_prison, layout_basic
D:2:      layout_rooms, serial_shops, nicolae_lakefront_shop,
          nicolae_grassy_gnolls

Skill      XL: |  1  2  3 |
---------------+----------+-----
Fighting       | 4 5 |  5.1
Maces & Flails | |  2.0
Armour         | |  3.2
Shields        | |  3.2

Action                   || total
-------------------------++-------
Melee: Flail             ||   100
  Use: Scroll            ||     2
       Potion            ||     3
Armor: Scale mail        ||    67
Dodge: Dodged            ||    45
Block: Buckler           ||    27

Table legend: (Time is in decaauts)
 A = Elapsed time spent in this place.
 B = Non-inter-level travel time spent in this place.
 C = Inter-level travel time spent in this place.
 D = Time resting spent in this place.
 E = Time spent auto-exploring this place.
 F = Levels seen in this place.
 G = Mean time per level.
                   A        B        C        D        E       F      G
               +--------+--------+--------+--------+--------+-----+--------+
         Total |   1894 |   1873 |     21 |    274 |   1346 |   2 |  947.0 |
       Dungeon |   1894 |   1873 |     21 |    274 |   1346 |   2 |  947.0 |
               +--------+--------+--------+--------+--------+-----+--------+

Top non-repeatable levels by time:
     D:1: 1075 daAuts
     D:2: 819 daAuts
